 Dungeon Crawl Stone Soup version 0.31-a0-702-gf82c85558f (webtiles) character file.

Game seed: 15305787925239342737

327 qw the Shooter (level 6, -3/38 HPs)
             Began as a Gargoyle Hunter on Sept 7, 2023.
             Was an Initiate of Okawaru.
             Slain by an ogre
             ... wielding a +0 giant club
              (21 damage)
             ... on level 4 of the Dungeon.
             The game lasted 00:00:59 (2349 turns).

qw the Shooter (Gargoyle Hunter)                    Turns: 2349, Time: 00:00:59

Health: -3/38      AC:  9    Str: 14    XL:     6   Next: 50%
Magic:  6/6        EV: 10    Int: 10    God:    Okawaru [......]
Gold:   258        SH:  0    Dex: 15    Spells: 5/5 levels left

rFire   . . .        Y - +0 shortbow (drain)
rCold   . . .        (shield currently unavailable)
rNeg    + . .        a - +0 ring mail
rPois   inf          (no helmet)
rElec   +            (no cloak)
rCorr   .            (no gloves)
SInv    .            (no boots)
Will    .....        (no amulet)
Stlth   +            (no ring)
HPRegen 0.26/turn    (no ring)
MPRegen 0.10/turn

%: no passive effects
@: no status effects
A: sickness immunity, AC +4, negative energy resistance 1, electricity
resistance, torment resistance 1, petrification resistance
a: Renounce Religion


You were on level 4 of the Dungeon.
You worshipped Okawaru.
Okawaru was noncommittal.
You visited 1 branch of the dungeon, and saw 4 of its levels.

You collected 258 gold pieces.


Innate Abilities, Weirdness & Mutations

You are immune to sickness and miasma.
Your stone body is resilient. (AC +4)
You are immune to poison.
You resist negative energy. (rN+)
You are resistant to electric shocks. (rElec)
You are resistant to unholy torment.
You are immune to petrification.


   Skills:
 - Level 4.0 Fighting
 + Level 6.8 Ranged Weapons
 - Level 1.0 Armour
 - Level 1.5 Dodging
 - Level 1.1 Stealth


You had 5 spell levels left.
You didn't know any spells.
Your spell library was empty.

Inventory:

Hand Weapons
 Y - a +0 shortbow of draining (weapon)
Armour
 a - a +0 ring mail (worn)
Scrolls
 k - a scroll of identify
Potions
 b - a potion of attraction {unknown}
 d - a potion of resistance
 e - a potion of heal wounds {unknown}
 f - a potion of mutation {unknown}
 g - 2 potions of might
 h - a potion of enlightenment

Dungeon Overview and Level Annotations

Branches:
Dungeon (4/15)
 Temple: D:4-7

Altars:
Dithmenos
Nemelex Xobeh
Okawaru

Shops:
D:4 (


Message History

You see here a +0 dagger.
You open the door.
An endoplasm comes into view.
You shoot an arrow. The arrow hits the endoplasm!
You kill the endoplasm!
Okawaru accepts your kill.
There is an open door here.
There is an open door here.
You open the door.
Found a sparkling altar of Nemelex Xobeh.
There is an open door here.
There is a sparkling altar of Nemelex Xobeh here.
There is an open door here.
You open the door.
An orc comes into view. It is wielding a +0 club.
You shoot an arrow. The arrow hits the orc!
You kill the orc!
Okawaru accepts your kill.
Found a stone staircase leading up.
Enter note: An ogre comes into view. It is wielding a +0 giant club.
The ogre shouts!
There is a stone staircase leading up here.
You shoot an arrow.
The arrow hits the ogre but does no damage.
You shoot an arrow. The arrow hits the ogre!
The ogre is moderately wounded.
You shoot an arrow. The arrow hits the ogre.
The ogre is heavily wounded.
You shoot an arrow. The arrow hits the ogre.
You drain the ogre.
The ogre is severely wounded.
You shoot an arrow. The arrow barely misses the ogre.
The ogre hits you with a +0 giant club!!
Ouch! That really hurt!
You shoot an arrow. The arrow hits the ogre.
The ogre is almost dead.
You shoot an arrow. The arrow barely misses the ogre.
The ogre hits you with a +0 giant club!!
Ouch! That really hurt!
You die...

.....## ~~ ~~~..#
#~.~### #~..## #~.~#~~
#~.... .# # ......
#~.... ...##~ #~.~#
#~....
.....~#####~.~#####~..##
.....~~~~~~~.~~~~~~~.##
......O@...#.#####...#
########.....#####...#
####.....#...##
####......# #####.....##
##..........###
#..###........#
###.##.##........
###...#._.#.....%..


You could see an ogre (drained).

Vanquished Creatures
  Sigmund (D:2)
  An orc wizard (D:3)
  5 adders
  A worm (D:2)
  3 dart slugs
  4 orcs
  7 ball pythons
  5 endoplasms
  2 giant cockroaches
  6 hobgoblins
  5 jackals (D:1)
  7 quokkas
  8 bats
  2 frilled lizards
  7 goblins
  5 kobolds
  7 rats
76 creatures vanquished.

Notes
Turn   | Place    | Note
-------+----------+-------------------------------------------
     0 | D:1      | qw the Gargoyle Hunter began the quest for the Orb.
     0 | D:1      | Reached XP level 1. HP: 12/12 MP: 1/1
     0 | D:1      | 0 ||| qw: Version: 0.3-a-76-g4403597
     0 | D:1      | 0 ||| qw: Game counter: 819
     0 | D:1      | 0 ||| qw: Melee chars always use a shield: true
     0 | D:1      | 0 ||| qw: God list: Okawaru
     0 | D:1      | 0 ||| qw: Allow faded altars: false
     0 | D:1      | 0 ||| qw: Do Orc after clearing Dungeon:15 true
     0 | D:1      | 0 ||| qw: Do second Lair branch before Depths: true
     0 | D:1      | 0 ||| qw: Lair rune preference: random
     0 | D:1      | 0 ||| qw: Goals: Normal
     0 | D:1      | 0 ||| PLANNING D:1-11
   176 | D:1      | Reached XP level 2. HP: 9/17 MP: 2/2
   177 | D:1      | HP: 2/17 [rat (3)]
   306 | D:1      | Found a faded altar of an unknown god.
   455 | D:1      | 455 ||| RETREATING.
   462 | D:1      | Reached XP level 3. HP: 18/21 MP: 3/3
   465 | D:1      | Reached skill level 5 in Ranged Weapons
   611 | D:1      | 611 ||| READING scroll labelled JEICAESMUA.
   612 | D:1      | 612 ||| READING scroll labelled IMILLE UZIDING.
   613 | D:1      | 613 ||| READING scroll labelled JALOME EWENWO.
   614 | D:1      | 614 ||| DRINKING 2 lumpy ruby potions.
   615 | D:1      | 615 ||| DRINKING 2 bubbling silvery potions.
   616 | D:1      | 616 ||| DRINKING 2 blue potions.
   617 | D:1      | 617 ||| DROPPING scroll of butterflies.
  1096 | D:2      | Reached skill level 3 in Fighting
  1100 | D:2      | Noticed Sigmund
  1119 | D:2      | Killed Sigmund
  1120 | D:2      | Reached skill level 6 in Ranged Weapons
  1120 | D:2      | Reached XP level 4. HP: 20/28 MP: 4/4
  1120 | D:2      | Reached XP level 5. HP: 23/32 MP: 5/5
  1311 | D:2      | Reached XP level 6. HP: 37/37 MP: 6/6
  1582 | D:2      | 1582 ||| READING scroll labelled KEQUTS ARYEWN.
  1583 | D:2      | 1583 ||| READING scroll labelled DIDDIEMIDE.
  1584 | D:2      | 1584 ||| STAIRDANCE
  1686 | D:1      | 1686 ||| DRINKING 2 red potions.
  1692 | D:1      | 1692 ||| DROPPING potion of ambrosia.
  1774 | D:3      | Found an iron altar of Okawaru.
  1776 | D:3      | 1776 ||| PLANNING OKAWARU WORSHIP
  1776 | D:3      | 1776 ||| UPGRADING to +0 ring mail.
  1780 | D:3      | 1780 ||| UPGRADING to +0 ring mail.
  1790 | D:3      | 1790 ||| DROPPING +0 leather armour.
  1802 | D:3      | Became a worshipper of Warmaster Okawaru
  1803 | D:3      | 1803 ||| PLANNING D:1-11
  1847 | D:3      | Found a shadowy altar of Dithmenos.
  1963 | D:3      | Reached skill level 1 in Armour
  2012 | D:3      | 2012 ||| READING scroll of brand weapon.
  2012 | D:3      | 2012 ||| BRANDING +0 shortbow of flaming.
  2156 | D:3      | 2156 ||| READING scroll labelled BETWEA ERUIN.
  2157 | D:3      | 2157 ||| READING scroll labelled RAISKE NAIN.
  2158 | D:3      | 2158 ||| READING scroll labelled NUD ICSOOBAUDA.
  2159 | D:3      | 2159 ||| STAIRDANCE
  2211 | D:4      | Found Jyfoilubump's Antique Weapon Emporium.
  2306 | D:4      | Found a sparkling altar of Nemelex Xobeh.
  2349 | D:4      | Slain by an ogre

Levels and vault maps discovered:
D:1:      dpeg_arrival_shrine, layout_basic, hellmonk_ecumenical_altar_lost_god,
          minmay_tetromino_s4
D:2:      layout_basic, uniq_sigmund
D:3:      layout_rooms, okawaru_metal_pillars_1_2, amcnicky_altar_gilded,
          minmay_crystal_water
D:4:      layout_cave_pods, nemelex_dance_club_becter, zin_statuary,
          nicolae_overflow_two_pavilions, serial_column_ruins,
          column_ruins_temple_hall, column_ruins_grid_1, column_ruins_grid_3,
          column_ruins_open_medium, column_ruins_corridor_straight,
          column_ruins_open_tiny, column_ruins_open_small, column_ruins_grid_1,
          serial_shops, nicolae_shop_pleasant_corner_grove, hellmonk_no_cap,
          uniq_menkaure

Skill      XL: |  1  2  3  4  5  6 |
---------------+-------------------+-----
Ranged Weapons | 6 |  6.8
Fighting       | 3 4 |  4.0
Armour         | 1 |  1.0
Dodging        | |  1.5
Stealth        | |  1.1

Action                     |  1- 3 |  4- 6 || total
---------------------------+-------+-------++-------
   Fire: Shortbow          |   109 |    88 ||   197
    Use: Scroll            |     3 |     6 ||     9
         Potion            |     3 |     1 ||     4
 Armour: Leather armour    |    36 |     2 ||    38
         Ring mail         |       |     6 ||     6
  Dodge: Dodged            |    47 |     8 ||    55

Table legend:
 A = Non-vault XP
 B = Vault XP
 C = Vault XP percentage of total XP
 D = Non-vault monster count
 E = Vault monster count
 F = Vault count percentage of total count
                 A         B        C        D         E       F
            +---------+---------+-------+---------+---------+-------
      Total |     222 |     246 |  52.6 |      72 |       4 |   5.3
            +---------+---------+-------+---------+---------+-------
        D:1 |      44 |       2 |   4.3 |      26 |       1 |   3.7
        D:2 |      50 |     239 |  82.7 |      21 |       1 |   4.5
        D:3 |     109 |       0 |   0.0 |      21 |       0 |   0.0
        D:4 |      19 |       5 |  20.8 |       4 |       2 |  33.3
            +---------+---------+-------+---------+---------+-------
